 Dungeon Crawl Stone Soup version 0.32-a0-32-g978bd804de (webtiles) character file.

Game seed: 13683579613565106906

334 Gargoyl the Chopper (level 6, -5/38 HPs)
             Began as a Gargoyle Berserker on Jan 20, 2024.
             Was a Believer of Trog.
             Slain by an ogre
             ... wielding a +0 giant spiked club
              (17 damage)
             ... on level 4 of the Dungeon.
             The game lasted 00:03:20 (2480 turns).

Gargoyl the Chopper (Gargoyle Berserker)            Turns: 2480, Time: 00:03:21

Health: -5/38      AC: 21    Str: 20    XL:     6   Next: 53%
Magic:  6/6        EV:  6    Int:  8    God:    Trog [**....]
Gold:   106        SH:  0    Dex: 15    Spells: 5/5 levels left

rFire   . . .        a - +0 hand axe
rCold   + . .        (no shield)
rNeg    + . .        b - +0 plate armour of Eye-covered Miracles {Dex+4}
rPois   ∞            d - +0 helmet
rElec   +            (no cloak)
rCorr   .            (no gloves)
SInv    .            (no boots)
Will    .....        (no amulet) Stlth
                     e - +4 ring of protection
HPRegen 0.26/turn    j - ring of protection from cold
MPRegen 0.10/turn

%: no passive effects
@: on berserk cooldown
A: sickness immunity, AC +4, negative energy resistance 1, electricity
resistance, torment resistance 1, petrification resistance
a: Renounce Religion, Berserk, Trog's Hand


You were on level 4 of the Dungeon.
You worshipped Trog.
Trog was pleased with you.
You visited 1 branch of the dungeon, and saw 4 of its levels.

You collected 106 gold pieces.

Inventory:

Hand Weapons
 a - a +0 hand axe (weapon)
Armour
 b - the +0 plate armour of Eye-covered Miracles (worn) {Dex+4}
   (You acquired it on level 2 of the Dungeon)

   Dex+4:     It affects your dexterity (+4).
 d - a +0 helmet (worn)
Jewellery
 e - a +4 ring of protection (left hand)
 j - a ring of protection from cold (right hand)
Scrolls
 k - a scroll of noise {unknown}
 l - a scroll of blinking
 m - a scroll of identify
 n - a scroll of vulnerability {unknown}
Potions
 c - 2 potions of cancellation
 f - a potion of haste {unknown}
 g - 2 potions of enlightenment {unknown}
 h - a potion of mutation {unknown}
 i - a potion of heal wounds {unknown}


   Skills:
 + Level 4.2 Fighting
 + Level 5.2 Axes
 + Level 3.9 Armour
 + Level 2.0 Dodging
 + Level 0.2 Stealth


You had 5 spell levels left.
You didn't know any spells.
Your spell library was empty.

Dungeon Overview and Level Annotations

Branches:
Dungeon (4/15)
 Temple: D:4-7

Altars:


Innate Abilities, Weirdness & Mutations

You are immune to sickness and miasma.
Your stone body is resilient. (AC +4)
You are immune to poison.
You resist negative energy. (rN+)
You are resistant to electric shocks. (rElec)
You are resistant to unholy torment.
You are immune to petrification.


Message History

You hit the hound.
The hound is lightly wounded.
The hound bites you but does no damage. The hound barely misses you.
An ogre comes into view. It is wielding a +0 giant spiked club.
The hound bites you but does no damage.
The ogre moves out of view.
You hit the hound.
The hound is heavily wounded.
The hound barely misses you. The hound bites you but does no damage.
You hit the hound but do no damage.
The hound is heavily wounded.
The hound barely misses you. The hound closely misses you.
You hit the hound.
The hound is severely wounded.
You hear the rusting of a very distant drain.
You feel yourself speed up.
The hound barely misses you. x2; The hound bites you but does no damage.
You hit the hound but do no damage.
The hound is severely wounded.
The hound bites you but does no damage.
You closely miss the hound. You punch the hound.
The hound is almost dead.
The hound bites you but does no damage. x2
You barely miss the hound.
The hound is almost dead.
You closely miss the ogre.
The ogre hits you with a +0 giant spiked club!
The hound bites you but does no damage.
You completely miss the hound.
The hound is almost dead.
You hit the ogre. The hound bites you but does no damage.
The ogre hits you with a +0 giant spiked club!
The hound bites you but does no damage.
You closely miss the hound.
The hound is almost dead.
You hit the ogre. The hound barely misses you.
You closely miss the hound.
The hound is almost dead.
You closely miss the ogre. The hound bites you but does no damage.
The ogre hits you with a +0 giant spiked club!
You die...

#......
#.....
#####....
#$......#
#.......# #
#.......##.##
#..$O........
#...@h.>#
#.......##
#........#
#####)##.#
#[# ..# #.#
... .
####)####....
#............
#..†<##.##...


You could see an ogre and a hound.

Vanquished Creatures
  A scorpion (D:4)
  A howler monkey (D:4)
  A gnoll bouda (D:4)
  Natasha (twice) (D:3)
  2 adders (D:2)
  6 gnolls
  3 dart slugs
  2 ribbon worms
  4 orcs
  6 endoplasms
  4 giant cockroaches
  6 goblins
  7 hobgoblins
  4 jackals (D:2)
  A quokka (D:2)
  3 ball pythons
  6 bats
  2 frilled lizards
  4 kobolds
  9 rats
74 creatures vanquished.

Notes
Turn   | Place    | Note
-------+----------+-------------------------------------------
     0 | D:1      | Gargoyl the Gargoyle Berserker began the quest for the Orb.
     0 | D:1      | Reached XP level 1. HP: 14/14 MP: 1/1
    83 | D:1      | Reached XP level 2. HP: 8/19 MP: 2/2
   177 | D:1      | Reached skill level 3 in Axes
   323 | D:1      | Reached XP level 3. HP: 24/24 MP: 3/3
  1006 | D:2      | Reached ** piety under Trog
  1038 | D:2      | Reached XP level 4. HP: 27/29 MP: 4/4
  1061 | D:2      | Identified a scroll of acquirement
  1061 | D:2      | Acquired the +0 plate armour of Eye-covered Miracles
                  | {Dex+4}
  1746 | D:3      | Identified the +1 leather armour of Dishonesty {rElec Will+
                  | Str+2}
  1936 | D:3      | Noticed Natasha
  1947 | D:3      | Killed Natasha
  1948 | D:3      | Reached skill level 4 in Axes
  1948 | D:3      | Reached XP level 5. HP: 33/33 MP: 5/5
  2078 | D:3      | Noticed Natasha
  2087 | D:3      | Killed Natasha
  2242 | D:4      | Reached XP level 6. HP: 38/38 MP: 6/6
  2249 | D:4      | Reached skill level 5 in Axes
  2480 | D:4      | Slain by an ogre

Illustrated notes

Levels and vault maps discovered:
D:1:      dpeg_arrival_ratfight, layout_basic
D:2:      layout_rooms, st_stairs_11
D:3:      layout_loops_cross, uniq_natasha
D:4:      layout_rooms, portal_sewer_entry_e

Skill      XL: |  1  2  3  4  5  6 |
---------------+-------------------+-----
Axes           | 3 4 5 |  5.2
Fighting       | 4 |  4.2
Dodging        | 2 |  2.0
Armour         | 3 |  3.9
Stealth        | |  0.2

Action                     |  1- 3 |  4- 6 || total
---------------------------+-------+-------++-------
  Melee: Hand axe          |   128 |   186 ||   314
         Punch             |     1 |     5 ||     6
 Invoke: Berserk           |     1 |     3 ||     4
         Trog's Hand       |       |     2 ||     2
    Use: Scroll            |       |     5 ||     5
 Armour: Chain mail        |   152 |     5 ||   157
         Plate armour      |       |   183 ||   183
  Dodge: Dodged            |    73 |    64 ||   137

Table legend: (Time is in decaauts)
 A = Elapsed time spent in this place.
 B = Non-inter-level travel time spent in this place.
 C = Inter-level travel time spent in this place.
 D = Time resting spent in this place.
 E = Time spent auto-exploring this place.
 F = Levels seen in this place.
 G = Mean time per level.
                   A        B        C        D        E       F      G
               +--------+--------+--------+--------+--------+-----+--------+
         Total |   2555 |   2403 |    152 |    327 |   1289 |   4 |  638.8 |
       Dungeon |   2555 |   2403 |    152 |    327 |   1289 |   4 |  638.8 |
               +--------+--------+--------+--------+--------+-----+--------+

Top non-repeatable levels by time:
     D:3: 855 daAuts
     D:2: 810 daAuts
     D:1: 747 daAuts
     D:4: 142 daAuts
